 Dungeon Sprint DCSS version 0.26-a0-1101-g8f9f7f7418 (webtiles) character file.

Game seed: 3100842366623437691

2000000 Adamkad1 the Formicid Barricade (level 19, -41/189 HPs)
             Began as a Formicid Fighter on Dec 15, 2020.
             Was an Elder of Makhleb.
             Annihilated by a meat berserker
             ... wielding a +9 battleaxe
              (63 damage)
             ... in the Dungeon (Sprint VIII: "Arena of Blood").
             The game lasted 00:00:47 (20 turns).

Adamkad1 the Formicid Barricade (Formicid Fighter)    Turns: 20, Time: 00:00:48

Health: -41/189    AC: 13    Str: 20    XL:     19   Next: 54%
Magic:  17/27      EV: 14    Int: 11    God:    Makhleb [****..]
Gold:   0          SH: 19    Dex: 16    Spells: 29/29 levels left

rFire    . . .     SeeInvis +     - Unarmed
rCold    . . .     Faith    .   c - +0 kite shield
rNeg     . . .     Spirit   .   b - +0 scale mail
rPois    .         Reflect  .   (helmet unavailable)
rElec    .         Harm     .   (no cloak)
rCorr    .         Rampage  .   (no gloves)
Will     +....                  (no boots)
Stlth    ++........             (no amulet)
HPRegen  0.41/turn              (no ring)
MPRegen  0.20/turn              (no ring)

@: no status effects
A: permanent stasis, dig shafts and tunnels, four strong arms, antennae 3
a: Dig, Minor Destruction, Lesser Servant of Makhleb, Major Destruction,
Renounce Religion


You were in the Dungeon.
You worshipped Makhleb.
Makhleb was greatly pleased with you.
You visited 1 branch

Inventory:

Hand Weapons
 a - a +0 war axe
Armour
 b - a +0 scale mail (worn)
 c - a +0 kite shield (worn)
Potions
 d - a potion of might
 e - a potion of curing
 f - a potion of heal wounds
 g - 2 potions of magic


   Skills:
 O Level 27 Fighting
 + Level 5.8(7.0) Short Blades
 + Level 6.1(7.2) Long Blades
 O Level 27 Axes
 + Level 6.0(19.6) Maces & Flails
 + Level 6.0(19.6) Polearms
 + Level 6.2(8.3) Staves
 + Level 6.7(7.9) Slings
 + Level 4.9 Bows
 * Level 9.5 Crossbows
 + Level 5.9(7.1) Throwing
 O Level 27 Armour
 + Level 5.6 Dodging
 + Level 7.5 Stealth
 O Level 27 Shields
 + Level 6.2 Unarmed Combat
 + Level 5.8 Spellcasting
 + Level 5.3 Conjurations
 + Level 7.4 Hexes
 + Level 6.1 Summonings
 + Level 5.8 Necromancy
 + Level 5.3 Translocations
 + Level 6.6 Transmutations
 + Level 5.9 Fire Magic
 + Level 6.1 Ice Magic
 + Level 5.1 Air Magic
 + Level 7.1 Earth Magic
 + Level 8.0 Poison Magic
 + Level 7.1 Invocations
 + Level 6.3 Evocations


You had 29 spell levels left.
You didn't know any spells.
Your spell library was empty.

Dungeon Overview and Level Annotations

Branches:
Dungeon (1/1)

Altars:
Makhleb


Innate Abilities, Weirdness & Mutations

You cannot be hasted, slowed, berserked, paralysed or teleported.
You can dig through walls and to a lower floor.
Your four strong arms can wield two-handed weapons with a shield.
You have a pair of large antennae on your head. (SInv)


Message History

The meat berserker rages.
The bag of meat hits you with a +9 war axe!!
The meat berserker hits you with a +9 battleaxe!!
You hear a shout! x2
You block the bag of meat's attack.
The meat berserker rages.
A bag of meat comes into view. It is wielding a +9 war axe.
You hear a shout! x2
The meat berserker hits you with a +9 battleaxe!!!!
* * * LOW HITPOINT WARNING * * *
You hear a shout! x2
The meat berserker barely misses you.
You hear a shout!
The bag of meat shouts!
You punch the bag of meat!
The bag of meat is lightly wounded.
You hear a shout! x4
You block the meat berserker's attack.
The meat berserker hits you with a +9 battleaxe!!!
You die...

##.o...##.##..o
...oo.......oOo
.........#.#.o..
..O.O.o....o.....
....o...o..o.....
#....o.oooo......
....o.OoO.......
......o@OOo.....
....#.OO)...#.. O
#.......# ..
.###.o...))###...
......###).......
......._.........
.....#...{)#......
.....#_.<.O#......
.....#....o# .....


You could see 3 large bags of meat, 7 meat berserkers and 22 bags of meat.

Vanquished Creatures
  5 ogres (D)
  6 orcs (D)
11 creatures vanquished.

Notes
Turn   | Place    | Note
-------+----------+-------------------------------------------
     0 | D        | Found the +∞ Axe of Woe
     0 | D        | Adamkad1 the Formicid Fighter began the quest for the Orb.
     0 | D        | Reached XP level 1. HP: 18/18 MP: 1/1
     1 | D        | Noticed a bag of meat
     3 | D        | Became a worshipper of Makhleb the Destroyer
     4 | D        | Noticed a bag of meat
     5 | D        | Noticed a meat berserker
     6 | D        | Noticed a bag of meat
     7 | D        | Killed a bag of meat
     7 | D        | Noticed a bag of meat
     8 | D        | Reached skill level 15 in Fighting
     8 | D        | Reached skill level 15 in Armour
     8 | D        | Reached XP level 2. HP: 45/45 MP: 2/2
     8 | D        | Reached XP level 3. HP: 51/51 MP: 3/3
     8 | D        | Reached XP level 4. HP: 58/58 MP: 4/4
     8 | D        | Reached XP level 5. HP: 64/64 MP: 5/5
     8 | D        | Reached XP level 6. HP: 71/71 MP: 6/6
     8 | D        | Reached XP level 7. HP: 77/77 MP: 7/7
     8 | D        | Reached XP level 8. HP: 85/85 MP: 8/8
     8 | D        | Reached XP level 9. HP: 91/91 MP: 9/9
     8 | D        | Reached XP level 10. HP: 98/98 MP: 10/10
     8 | D        | Reached XP level 11. HP: 104/104 MP: 11/11
     8 | D        | Reached XP level 12. HP: 111/111 MP: 12/12
     8 | D        | Noticed a bag of meat
     8 | D        | Killed a bag of meat
     8 | D        | Reached * piety under Makhleb
     8 | D        | Noticed a bag of meat
     9 | D        | Reached XP level 13. HP: 116/122 MP: 13/13
     9 | D        | Killed a meat berserker
     9 | D        | Noticed a meat berserker
     9 | D        | Noticed a meat berserker
    10 | D        | Reached XP level 14. HP: 129/135 MP: 14/14
    10 | D        | Reached XP level 15. HP: 135/141 MP: 15/15
    11 | D        | Reached ** piety under Makhleb
    12 | D        | Reached XP level 16. HP: 147/153 MP: 16/16
    12 | D        | Noticed a meat berserker
    12 | D        | Noticed a meat berserker
    13 | D        | Noticed a meat berserker
    13 | D        | Noticed a large bag of meat
    14 | D        | Noticed a meat berserker
    14 | D        | Noticed a meat berserker
    14 | D        | Noticed a meat berserker
    15 | D        | Killed a meat berserker
    15 | D        | Noticed a meat berserker
    16 | D        | Reached XP level 17. HP: 165/165 MP: 17/17
    16 | D        | Noticed a large bag of meat
    17 | D        | Killed a meat berserker
    17 | D        | Reached *** piety under Makhleb
    17 | D        | Killed a meat berserker
    17 | D        | Killed a meat berserker
    17 | D        | Reached **** piety under Makhleb
    18 | D        | Reached skill level 27 in Fighting
    18 | D        | Reached skill level 27 in Axes
    18 | D        | Reached skill level 27 in Armour
    18 | D        | Reached skill level 27 in Shields
    18 | D        | Reached skill level 5 in Short Blades
    18 | D        | Reached skill level 5 in Throwing
    18 | D        | Reached skill level 5 in Dodging
    18 | D        | Reached skill level 5 in Spellcasting
    18 | D        | Reached skill level 5 in Conjurations
    18 | D        | Reached skill level 5 in Necromancy
    18 | D        | Reached skill level 5 in Translocations
    18 | D        | Reached skill level 5 in Fire Magic
    18 | D        | Reached skill level 5 in Air Magic
    18 | D        | Reached XP level 18. HP: 182/182 MP: 17/26
    18 | D        | Reached XP level 19. HP: 189/189 MP: 17/27
    18 | D        | Noticed a meat berserker
    18 | D        | Noticed a large bag of meat
    19 | D        | Noticed a meat berserker
    20 | D        | Annihilated by a meat berserker

Illustrated notes

Levels and vault maps discovered:
D:        meatsprint

Skill      XL: |  1  2  3  4  5  6  7  8  9 10 11 12 13 14 15 16 17 |
---------------+----------------------------------------------------+-----
Fighting       | 15 17 20 21 23 27 | 27.0
Axes           | 14 17 21 23 26 27 | 27.0
Armour         | 15 17 20 21 23 27 | 27.0
Shields        | 17 19 21 23 25 27 | 27.0
Short Blades   | 5 |  5.8
Long Blades    | 6 |  6.1
Maces & Flails | 6 |  6.0
Polearms       | 6 |  6.0
Staves         | 6 |  6.2
Slings         | 6 |  6.7
Bows           | 4 |  4.9
Crossbows      | 9 |  9.5
Throwing       | 5 |  5.9
Dodging        | 5 |  5.6
Stealth        | 7 |  7.5
Unarmed Combat | 6 |  6.2
Spellcasting   | 5 |  5.8
Conjurations   | 5 |  5.3
Hexes          | 7 |  7.4
Summonings     | 6 |  6.1
Necromancy     | 5 |  5.8
Translocations | 5 |  5.3
Transmutations | 6 |  6.6
Fire Magic     | 5 |  5.9
Ice Magic      | 6 |  6.1
Air Magic      | 5 |  5.1
Earth Magic    | 7 |  7.1
Poison Magic   | 8 |  8.0
Invocations    | 7 |  7.1
Evocations     | 6 |  6.3

Action                   |  1- 3 |  4- 6 |  7- 9 | 10-12 | 13-15 | 16-18 | 19-21 || total
-------------------------+-------+-------+-------+-------+-------+-------+-------++-------
Melee: Executioner's axe |     1 |       |       |     1 |     2 |     2 |       ||     6
       Unarmed           |       |       |       |       |       |       |     2 ||     2
Dodge: Dodged            |       |       |       |       |       |       |     1 ||     1
Block: Kite shield       |       |       |       |       |       |       |     2 ||     2

Table legend: (Time is in decaauts)
 A = Elapsed time spent in this place.
 B = Non-inter-level travel time spent in this place.
 C = Inter-level travel time spent in this place.
 D = Time resting spent in this place.
 E = Time spent auto-exploring this place.
 F = Levels seen in this place.
 G = Mean time per level.
                   A        B        C        D        E       F      G
               +--------+--------+--------+--------+--------+-----+--------+
         Total |     20 |     20 |      0 |      0 |      0 |   1 |   20.0 |
       Dungeon |     20 |     20 |      0 |      0 |      0 |   1 |   20.0 |
               +--------+--------+--------+--------+--------+-----+--------+

Top non-repeatable levels by time:
       D: 20 daAuts
